 Dungeon Crawl Stone Soup version 0.28-a0-128-gcbb86046cc (webtiles) character file.

Game seed: 17042149796565406324

39 Ezendos the Sneak (level 3, 0/34 HPs)
             Began as a Naga Enchanter on Aug 15, 2021.
             Slain by Terence (7 damage)
             ... on level 2 of the Dungeon.
             The game lasted 00:01:38 (2443 turns).

Ezendos the Sneak (Naga Enchanter)                  Turns: 2443, Time: 00:01:39

Health: 0/34       AC:  6    Str: 11    XL:     3   Next: 45%
Magic:  6/6        EV:  0    Int: 15    God:
Gold:   79         SH:  0    Dex: 11    Spells: 5/6 levels left

rFire   . . .      SeeInvis +   a - +1 dagger
rCold   . . .      Faith    .   (no shield)
rNeg    . . .      Spirit   .   f - +0 plate armour
rPois   +          Reflect  .   (no helmet)
rElec   .          Harm     .   (no cloak)
rCorr   .          Rampage  .   (no gloves)
Will    .....                   (no barding)
Stlth   ..........              (no amulet)
HPRegen 0.11/turn               (no ring)
MPRegen 0.10/turn               (no ring)

@: very slow
A: AC +1, large, see invisible, deformed body, poison resistance, slowness 2,
spit poison 1, naga tail 1
a: Spit Poison


You were on level 2 of the Dungeon.
You visited 1 branch of the dungeon, and saw 2 of its levels.

You collected 79 gold pieces.

Inventory:

Hand Weapons
 a - a +1 dagger (weapon)
Armour
 b - a +0 robe
 f - a +0 plate armour (worn)
Scrolls
 c - a scroll of identify {unknown}
 e - a scroll of fog {unknown}
Potions
 d - a potion of curing {unknown}


   Skills:
 + Level 3.0 Fighting
 - Level 1.0 Short Blades
 - Level 1.5 Dodging
 - Level 4.4 Stealth
 - Level 2.0 Spellcasting
 - Level 3.0 Hexes


You had 5 spell levels left.
You knew the following spells:

 Your Spells              Type           Power      Damage    Failure   Level
a - Corona                Hex            11%        N/A       100%        1

Your spell library contained the following spells:

 Spells                   Type           Power      Damage    Failure   Level
 Ensorcelled Hibernation  Hex/Ice        12%        N/A       100%        2
 Confusing Touch          Hex            10%        N/A       100%        3
 Dazzling Flash           Conj/Hex       12%        N/A       100%        3
 Tukima's Dance           Hex            10%        N/A       100%        3


Dungeon Overview and Level Annotations

Branches:
Dungeon (2/15)

Altars:

Annotations:
D:2 Terence


Innate Abilities, Weirdness & Mutations

Your serpentine skin is tough. (AC +1)
You have supernaturally acute eyesight. (SInv)
Armour fits poorly on your strangely shaped body.
Your system is resistant to poisons. (rPois)
You cover ground very slowly.
You can spit poison.
You have a snake-like lower body.


Message History

You see here an adder corpse.
Found 18 stones.
You now have 70 gold pieces (gained 11).
You see here 18 stones.
Found a stone staircase leading up.
You see here 18 stones.
You now have 79 gold pieces (gained 9).
Terence the Incautious comes into view.
He is wielding a +0 falchion.
Press: ? - help, Shift-Dir - straight line, f - Terence
Aim: Terence, wielding a +0 falchion and wearing a +0 ring mail The splash of poison hits Terence.
Terence is poisoned.
Terence is lightly wounded.
Terence hits you with a +0 falchion.
You barely miss Terence.
Terence is moderately wounded.
You hit Terence.
Terence is moderately wounded.
Terence hits you with a +0 falchion.
You hit Terence.
Terence is heavily wounded.
Terence hits you with a +0 falchion.
Your plate armour prevents you from hitting Terence.
Terence is severely wounded.
Terence hits you but does no damage.
You barely miss Terence.
Terence is severely wounded.
Terence hits you with a +0 falchion.
You hit Terence but do no damage.
Terence is severely wounded.
Terence says, "How do you enjoy it?" Terence hits you but does no damage.
You hit Terence.
Terence is severely wounded.
You have got your breath back.
Terence hits you with a +0 falchion!
* * * LOW HITPOINT WARNING * * *
You hit Terence.
Terence is almost dead.
Terence hits you with a +0 falchion!
You die...

##########
#......@.#
#.######@#
#.#....#.#
##########.#.##.#.#
.............##.#.#
##########.####.#.#
#......#.#
#################.#
)........


You could see Terence (poisoned).

Vanquished Creatures
  An adder (D:2)
  A worm (D:2)
  2 dart slugs
  2 endoplasms (D:1)
  2 giant cockroaches (D:1)
  2 goblins (D:1)
  2 hobgoblins
  2 kobolds (D:1)
  A quokka (D:2)
  2 ball pythons (D:1)
  3 bats
  A rat (D:1)
21 creatures vanquished.

Notes
Turn   | Place    | Note
-------+----------+-------------------------------------------
     0 | D:1      | Ezendos the Naga Enchanter began the quest for the Orb.
     0 | D:1      | Reached XP level 1. HP: 15/15 MP: 3/3
   226 | D:1      | Reached skill level 1 in Fighting
   545 | D:1      | Reached XP level 2. HP: 18/25 MP: 5/5
  1363 | D:1      | Found a faded altar of an unknown god.
  1954 | D:2      | Reached XP level 3. HP: 33/33 MP: 6/6
  2434 | D:2      | Noticed Terence
  2443 | D:2      | Slain by Terence

Illustrated notes

Levels and vault maps discovered:
D:1:      evilmike_arrival_hilbert_curve, layout_loops_corners,
          shapermc_ecumenical_altar_acropolis
D:2:      layout_basic, uniq_terence

Skill      XL: |  1  2  3 |
---------------+----------+-----
Fighting       | 1 2 3 |  3.0
Short Blades   | |  1.0
Dodging        | |  1.5
Stealth        | |  4.4
Spellcasting   | |  2.0
Hexes          | |  3.0

Action                   || total
-------------------------++-------
Melee: Dagger            ||    68
 Cast: Corona            ||     1
 Abil: Spit Poison       ||    21
 Stab: Sleeping          ||     1
Armor: Robe              ||    12
       Plate armour      ||     2
Dodge: Dodged            ||    20

Table legend: (Time is in decaauts)
 A = Elapsed time spent in this place.
 B = Non-inter-level travel time spent in this place.
 C = Inter-level travel time spent in this place.
 D = Time resting spent in this place.
 E = Time spent auto-exploring this place.
 F = Levels seen in this place.
 G = Mean time per level.
                   A        B        C        D        E       F      G
               +--------+--------+--------+--------+--------+-----+--------+
         Total |   2934 |   2921 |     13 |      0 |   2647 |   2 | 1467.0 |
       Dungeon |   2934 |   2921 |     13 |      0 |   2647 |   2 | 1467.0 |
               +--------+--------+--------+--------+--------+-----+--------+

Top non-repeatable levels by time:
     D:1: 1977 daAuts
     D:2: 956 daAuts
